 Dungeon Crawl Stone Soup version 0.32-a0-868-g153ae1a8d6 (webtiles) character file.

Game seed: 14590206966624104787

112 Steellotus the Shield-Bearer (level 5, 0/42 HPs)
             Began as a Formicid Fighter on Mar 28, 2024.
             Was a Follower of Uskayaw.
             Slain by a hobgoblin (2 damage)
             ... led by Robin
             ... on level 3 of the Dungeon.
             The game lasted 00:12:58 (3182 turns).

Steellotus the Shield-Bearer (Formicid Fighter)     Turns: 3182, Time: 00:12:58

Health: 0/42       AC:  7    Str: 22    XL:     5   Next: 16%
Magic:  5/5        EV:  8    Int:  8    God:    Uskayaw [*.....]
Gold:   122        SH:  5    Dex: 13    Spells: 4/4 levels left

rFire   . . .        t - +1 dagger (venom)
rCold   . . .        c - +0 buckler
rNeg    . . .        b - +0 scale mail
rPois   .            (helmet unavailable)
rElec   .            (no cloak)
rCorr   .            (no gloves)
SInv    +            (no boots)
Will    .....        f - amulet of magic regeneration Stlth
                     (no ring)
HPRegen 0.27/turn    (no ring)
MPRegen 0.49/turn

%: no passive effects
@: no status effects
A: permanent stasis, dig shafts and tunnels, antennae 3, four strong arms
a: Dig, Shaft Self, Renounce Religion, Stomp


You were on level 3 of the Dungeon.
You worshipped Uskayaw.
Uskayaw was noncommittal.
You visited 1 branch of the dungeon, and saw 3 of its levels.

You collected 122 gold pieces.

Inventory:

Hand Weapons
 a - a +0 war axe
 g - a +0 dagger of venom
 q - a +0 hand axe
 r - a +0 sling
 t - a +1 dagger of venom (weapon)
Missiles
 p - 8 stones
Armour
 b - a +0 scale mail (worn)
 c - a +0 buckler (worn)
 h - an orb of guile
 i - a +0 scale mail
 j - a +0 ring mail
 l - a +0 ring mail
 s - a +0 ring mail
Magical Staves
 n - a staff of earth
Jewellery
 f - an amulet of magic regeneration (around neck)
Scrolls
 e - a scroll of enchant weapon {unknown}
 m - 2 scrolls of identify {unknown}
 v - 2 scrolls of immolation {unknown}
Potions
 d - a potion of might
 k - 3 potions of degeneration {unknown}
 o - 2 potions of enlightenment {unknown}
 u - a potion of brilliance {unknown}


   Skills:
 + Level 4.0 Fighting
 + Level 1.3 Short Blades
 + Level 2.3 Axes
 + Level 4.1 Armour
 + Level 0.8 Dodging
 + Level 4.9 Shields


You had 4 spell levels left.
You didn't know any spells.
Your spell library contained the following spells:

 Spells                   Type           Power      Damage    Failure   Level
 Call Canine Familiar     Summ           0%         N/A       99%         3
 Sigil of Binding         Hex            0%         N/A       99%         3
 Dimensional Bullseye     Hex/Tloc       0%         N/A       100%        4


Dungeon Overview and Level Annotations

Branches:
Dungeon (3/15)

Altars:
Nemelex Xobeh
Uskayaw
Zin

Shops:
D:2 :

Annotations:
D:3 Robin


Innate Abilities, Weirdness & Mutations

You cannot be hasted, slowed, berserked, paralysed or teleported.
You can dig through walls and to a lower floor.
You have a pair of large antennae on your head. (SInv)
Your four strong arms can wield two-handed weapons with a shield.


Message History

The hobgoblin hits you but does no damage.
An endoplasm comes into view.
The hobgoblin hits you.
A goblin comes into view. It is wielding a +0 dagger.
The orc closely misses you. The kobold closely misses you.
The goblin hits you but does no damage. You block the goblin's attack.
You hit the kobold.
The kobold is poisoned.
The kobold is severely wounded.
You kill the kobold!
The goblin hits you but does no damage.
A goblin comes into view. It is wielding a +0 dagger.
The hobgoblin barely misses you. The hobgoblin closely misses you.
The orc barely misses you. Robin throws the goblin at you!
The goblin hits you with a +0 club. x2
You hit the orc.
The orc looks as sick as possible!
The orc is almost dead.
You kill the orc!
The goblin hits you but does no damage. You block the hobgoblin's attack.
You block the goblin's attack. The goblin hits you but does no damage.
The goblin barely misses you.
You barely miss the hobgoblin.
The hobgoblin hits you but does no damage.
Robin roars a battlecry!
The goblins go into a battle-frenzy!
The goblin hits you but does no damage. The goblin barely misses you.
The hobgoblin hits you. The goblin hits you but does no damage.
A ball python comes into view.
You hit the goblin.
The goblin is severely wounded.
You block the hobgoblin's attack. The rat misses you.
The goblin hits you with a +0 club. The goblin hits you with a +0 dagger.
The hobgoblin hits you but does no damage.
The goblin hits you with a +0 dagger. The goblin hits you with a +0 club.
* * * LOW HITPOINT WARNING * * *
This spell is impossible to cast!
The goblin hits you with a +0 dagger.
Your memorisation is interrupted.
* * * LOW HITPOINT WARNING * * *
The goblin misses you. The hobgoblin hits you.
You die...
Your body falls in perfect tune with the rhythm.

#..## #.# ##..###<#
##.##..# .###
####.####..... ...##
#.......#.##.. ...
#.....†.#.# ..,,
#.####..†..††#.#
..Jg##gg......_.....#
...g.gg@g.#.......#.#
.S..>grgg.#.....†.#.#
$.....gg..#....†..# #
...##.###.####.####
.. ... ..# #...
...### .## #...# . .
#.#.# .. ##


You could see Robin, an endoplasm, 2 hobgoblins, 9 goblins, a ball python and a
rat.

Vanquished Creatures
  An iguana (D:2)
  3 adders (D:2)
  A dart slug (D:2)
  6 orcs (D:3)
  7 endoplasms
  3 giant cockroaches (D:1)
  A goblin (D:1)
  2 hobgoblins (D:1)
  2 jackals (D:2)
  4 kobolds
  3 quokkas
  6 ball pythons
  2 bats (D:1)
  2 frilled lizards (D:1)
  7 rats
50 creatures vanquished.

Notes
Turn   | Place    | Note
-------+----------+-------------------------------------------
     0 | D:1      | Steellotus the Formicid Fighter began the quest for the
                  | Orb.
     0 | D:1      | Reached XP level 1. HP: 18/18 MP: 1/1
   199 | D:1      | Reached XP level 2. HP: 23/24 MP: 2/2
   556 | D:1      | Reached XP level 3. HP: 28/30 MP: 3/3
  1588 | D:2      | Reached XP level 4. HP: 34/37 MP: 4/4
  2049 | D:2      | Found a faded altar of an unknown god.
  2059 | D:2      | Reached skill level 1 in Short Blades
  2071 | D:2      | Prayed at the altar of an unknown god.
  2071 | D:2      | Became a worshipper of Nemelex Xobeh the Trickster
  2071 | D:2      | Reached * piety under Nemelex Xobeh
  2137 | D:2      | Found a glowing silver altar of Zin.
  2179 | D:2      | Received a gift from Nemelex Xobeh
  2673 | D:2      | Reached XP level 5. HP: 41/42 MP: 5/5
  2889 | D:2      | Found Yqoraistue's Book Shop.
  3128 | D:3      | Found a hide-covered altar of Uskayaw.
  3152 | D:3      | Fell from the grace of Nemelex Xobeh
  3152 | D:3      | Became a worshipper of Uskayaw the Reveller
  3173 | D:3      | Reached * piety under Uskayaw
  3175 | D:3      | Noticed Robin
  3182 | D:3      | HP: 2/42 [goblin/+0 dagger[Robin] (5)]
  3182 | D:3      | Slain by a hobgoblin

Illustrated notes

Levels and vault maps discovered:
D:1:      scummos_arrival_forest, layout_basic
D:2:      layout_basic, basic_ecumenical_altar, serial_shops, shop, basic_altar
D:3:      layout_rooms, nicolae_uskayaw_murder_on_the_dancefloor,
          minmay_quadrilaterals, uniq_robin, uniq_sigmund, uniq_grinder

Skill      XL: |  1  2  3  4 |
---------------+-------------+-----
Short Blades   | 1 |  1.3
Fighting       | 4 |  4.0
Armour         | 4 |  4.1
Axes           | |  2.3
Dodging        | |  0.8
Shields        | |  4.9

Action                     |  1- 3 |  4- 6 || total
---------------------------+-------+-------++-------
  Melee: War axe           |     7 |       ||     7
         Dagger            |    71 |    71 ||   142
 Armour: Scale mail        |    86 |    76 ||   162
  Dodge: Dodged            |    45 |    46 ||    91
  Block: Buckler           |    33 |    26 ||    59

Table legend: (Time is in decaauts)
 A = Elapsed time spent in this place.
 B = Non-inter-level travel time spent in this place.
 C = Inter-level travel time spent in this place.
 D = Time resting spent in this place.
 E = Time spent auto-exploring this place.
 F = Levels seen in this place.
 G = Mean time per level.
                   A        B        C        D        E       F      G
               +--------+--------+--------+--------+--------+-----+--------+
         Total |   3183 |   3159 |     24 |    927 |      0 |   3 | 1061.0 |
       Dungeon |   3183 |   3159 |     24 |    927 |      0 |   3 | 1061.0 |
               +--------+--------+--------+--------+--------+-----+--------+

Top non-repeatable levels by time:
     D:1: 1494 daAuts
     D:2: 1476 daAuts
     D:3: 213 daAuts
